AoeStats
← Alexspiration

Lombardia

507543951Analyzed
4v4 RM · 15d ago on Sep 18, 2026· 98m 12s· 8 players
Game mode
Random Map
Map size
Large (8 player)
Population
200
Speed
Normal
Resources
Standard
Victory
Conquest
Starting age
Dark Age
Ending age
Imperial Age
RankedLock teamsTeams togetherTeam positionsShared explorationLock speedFull tech treeHidden civsTurbo modeCheats
Victory
Defeat
🇪🇸 Vikings · Spain
1950
+8
🇨🇳 Vietnamese · China
1829
+13
🇨🇦 Mongols · Canada
1506
+26
🇩🇪 Lithuanians · Germany
1473
+27
🇨🇿 Japanese · Czechia
1761
-18
🇸🇰 Burmese · Slovakia
1747
-19
🇨🇿 Ethiopians · Czechia
1747
-19
🇨🇿 Wei · Czechia
1724
-18
小三輪司機
9:56 Feudal Age
15:53 Castle Age
14:05 Double-Bit Axe
14:21 Horse Collar
16:57 Bow Saw
22:05 Loom
25:07 Wheelbarrow
25:17 Stone Mining
28:23 Hand Cart
32:06 Imperial Age
29:50 Town Watch
30:06 Fletching
30:13 Gold Mining
31:12 Bodkin Arrow
32:09 Padded Archer Armor
32:55 Bloodlines
32:45 Husbandry
32:57 Bracer
33:45 Ballistics
34:07 Gold Shaft Mining
34:26 Leather Archer Armor
35:20 Chemistry
34:16 Elite Mangudai
35:18 Conscription
36:10 Parthian Tactics
37:52 Hoardings
41:41 Light Cavalry
43:12 Town Patrol
43:15 Caravan
43:50 Capped Ram
65:01 Coinage
68:23 Siege Ram
70:23 Drill
83:04 Masonry
82:51 Murder Holes
87:08 Nomads
87:13 Heavy Plow
93:22 Hussar
98:23 Banking
Moneimon
7:07 Loom
11:10 Feudal Age
15:21 Castle Age
13:53 Double-Bit Axe
14:18 Horse Collar
15:16 Fletching
15:46 Crossbowman
17:36 Bodkin Arrow
23:45 Bow Saw
24:21 Heavy Plow
26:13 Town Watch
26:26 Gold Mining
26:27 Stone Mining
30:37 Imperial Age
28:10 Gambesons
29:07 Caravan
28:49 Man-at-Arms
29:29 Squires
29:30 Scale Mail Armor
29:57 Long Swordsman
30:53 Chain Mail Armor
32:02 Gold Shaft Mining
30:50 Two-Handed Swordsman
31:47 Forging
31:40 Champion
32:11 Arson
33:26 Plate Mail Armor
33:31 Iron Casting
33:07 Town Patrol
33:53 Crop Rotation
34:07 Conscription
34:26 Ballistics
35:14 Coinage
36:23 Blast Furnace
35:39 Capped Ram
37:43 Fortified Wall
38:34 Chemistry
37:40 Siege Engineers
38:15 Siege Ram
39:19 Bracer
39:56 Banking
39:58 Masonry
39:34 Treadmill Crane
40:18 Murder Holes
41:15 Heavy Scorpion
44:26 Architecture
45:21 Chieftains
58:41 Onager
86:12 Two-Man Saw
爱人跟人走
8:46 Feudal Age
9:29 Double-Bit Axe
10:26 Loom
10:25 Horse Collar
18:37 Castle Age
17:01 Gold Mining
17:43 Stone Mining
19:59 Bow Saw
19:49 Heavy Plow
21:28 Wheelbarrow
26:51 Caravan
27:49 Stone Shaft Mining
29:11 Hand Cart
32:42 Imperial Age
31:22 Bloodlines
31:13 Husbandry
32:35 Scale Barding Armor
32:41 Forging
32:55 Elite Battle Elephant
33:57 Chain Barding Armor
34:13 Iron Casting
34:05 Paper Money
33:48 Chatras
35:03 Two-Man Saw
34:34 Crop Rotation
35:29 Plate Barding Armor
35:56 Hoardings
39:30 Town Watch
40:45 Fletching
40:56 Padded Archer Armor
41:52 Capped Ram
46:50 Bodkin Arrow
47:11 Leather Archer Armor
55:19 Ballistics
56:00 Chemistry
54:43 Treadmill Crane
55:24 Ballistics
56:04 Chemistry
55:06 Bracer
55:37 Ring Archer Armor
56:12 Murder Holes
56:29 Sappers
64:12 Fortified Wall
74:28 Guilds
Alexspiration
10:11 Feudal Age
15:06 Castle Age
13:17 Double-Bit Axe
13:53 Horse Collar
14:12 Gold Mining
17:47 Town Watch
20:53 Wheelbarrow
20:04 Loom
23:30 Hand Cart
29:01 Imperial Age
26:41 Stone Mining
27:00 Scale Barding Armor
27:05 Forging
26:52 Treadmill Crane
27:23 Masonry
27:52 Bow Saw
28:31 Chain Barding Armor
28:23 Heavy Plow
28:57 Bloodlines
28:48 Husbandry
30:02 Iron Casting
29:34 Cavalier
31:11 Plate Barding Armor
30:58 Conscription
31:08 Fortified Wall
32:14 Paladin
35:32 Architecture
38:33 Fletching
39:08 Caravan
40:25 Chemistry
42:16 Ballistics
41:33 Light Cavalry
43:38 Winged Hussar
49:13 Murder Holes
54:49 Bodkin Arrow
55:55 Bracer
55:56 Padded Archer Armor
56:46 Hoardings
57:08 Tower Shields
57:09 Elite Skirmisher
57:54 Thumb Ring
58:47 Leather Archer Armor
62:28 Crop Rotation
63:36 Two-Man Saw
kivarmicz
10:29 Feudal Age
14:20 Castle Age
12:03 Horse Collar
17:50 Wheelbarrow
18:59 Heavy Plow
20:07 Town Watch
21:55 Hand Cart
22:37 Gold Mining
27:47 Imperial Age
25:42 Padded Archer Armor
25:33 Fletching
25:50 Loom
26:25 Caravan
27:16 Bodkin Arrow
28:06 Bodkin Arrow
28:18 Stone Mining
28:51 Conscription
28:31 Elite Arambai
29:52 Husbandry
30:02 Bloodlines
31:08 Chemistry
31:21 Scale Barding Armor
31:27 Forging
31:28 Siege Engineers
34:33 Coinage
34:34 Bracer
33:56 Light Cavalry
35:45 Ballistics
36:49 Treadmill Crane
40:16 Masonry
41:12 Pikeman
41:53 Squires
42:49 Architecture
42:32 Halberdier
43:35 Scale Mail Armor
44:39 Chain Mail Armor
45:59 Plate Mail Armor
47:07 Iron Casting
48:15 Elite Battle Elephant
49:32 Chain Barding Armor
51:02 Plate Barding Armor
51:14 Fortified Wall
52:57 Parthian Tactics
54:42 Blast Furnace
57:02 Howdah
58:55 Manipur Cavalry
60:17 Banking
69:18 Guilds
75:07 Crop Rotation
91:51 Town Patrol
Vormit
10:42 Feudal Age
12:03 Loom
16:26 Castle Age
15:25 Double-Bit Axe
15:24 Horse Collar
26:54 Wheelbarrow
27:29 Gold Mining
28:14 Heavy Plow
29:04 Fletching
32:27 Imperial Age
29:56 Bodkin Arrow
30:18 Bow Saw
30:28 Town Watch
32:07 Gold Shaft Mining
31:34 Pikeman
32:15 Squires
32:17 Scale Mail Armor
32:27 Forging
32:50 Gambesons
33:22 Chain Mail Armor
32:31 Halberdier
33:31 Bracer
34:36 Chemistry
33:30 Guard Tower
33:37 Stone Mining
35:10 Iron Casting
35:04 Conscription
36:02 Two-Man Saw
35:54 Plate Mail Armor
35:41 Bracer
35:38 Murder Holes
38:21 Blast Furnace
39:17 Ballistics
39:08 Masonry
39:51 Caravan
39:48 Treadmill Crane
40:48 Keep
40:37 Arson
43:41 Kataparuto
42:44 Elite Samurai
44:46 Hand Cart
49:32 Man-at-Arms
51:01 Long Swordsman
51:51 Yasama
55:19 Two-Handed Swordsman
59:40 Champion
73:08 Fortified Wall
79:59 Arrowslits
81:23 Coinage
Rank
4:45 Loom
9:47 Feudal Age
10:18 Double-Bit Axe
14:55 Horse Collar
15:46 Gold Mining
20:19 Castle Age
20:25 Wheelbarrow
21:30 Bow Saw
21:28 Stone Mining
22:39 Heavy Plow
27:01 Stone Shaft Mining
31:42 Imperial Age
30:09 Husbandry
30:16 Scale Barding Armor
31:21 Bloodlines
31:33 Chain Barding Armor
32:13 Tuntian
32:25 Forging
33:58 Iron Casting
34:22 Ming Guang Armor
33:37 Elite Tiger Cavalry
34:42 Conscription
35:01 Gold Shaft Mining
35:06 Caravan
37:14 Blast Furnace
37:15 Fortified Wall
39:14 Scale Mail Armor
38:54 Pikeman
39:35 Squires
39:37 Halberdier
40:35 Chain Mail Armor
47:27 Chemistry
49:25 Capped Ram
50:17 Siege Ram
70:53 Fletching
77:24 Bodkin Arrow
77:51 Ballistics
77:54 Masonry
84:19 Arson
86:48 Crop Rotation
88:11 Bracer
87:53 Treadmill Crane
RomanEmperor
9:02 Loom
10:54 Feudal Age
14:49 Castle Age
12:48 Double-Bit Axe
14:02 Horse Collar
16:17 Bow Saw
23:49 Wheelbarrow
24:28 Heavy Plow
25:37 Gold Mining
26:09 Hand Cart
30:42 Imperial Age
28:13 Fletching
28:40 Padded Archer Armor
29:57 Ballistics
29:34 Bodkin Arrow
29:55 Leather Archer Armor
32:32 Chemistry
31:34 Bracer
32:05 Ring Archer Armor
31:56 Conscription
31:45 Thumb Ring
31:01 Crossbowman
31:39 Arbalester
33:45 Torsion Engines
34:18 Caravan
35:08 Siege Engineers
36:12 Masonry
40:27 Coinage
40:07 Guilds
41:42 Elite Shotel Warrior
42:24 Scale Mail Armor
42:34 Forging
42:27 Squires
42:12 Arson
43:20 Onager
45:04 Banking
46:13 Chain Mail Armor
46:34 Iron Casting
47:41 Siege Onager
49:53 Plate Mail Armor
50:23 Blast Furnace
65:24 Architecture
80:26 Heavy Scorpion
90:40 Royal Heirs
Connection lost

Rejoining the realm…

Still unreachable

The connection could not be restored.

Session expired

The server has moved on; the page needs a fresh start.